 Dungeon Crawl Stone Soup version 0.32-a0-705-g60f233581c (webtiles) character file.

Game seed: 5620166089278912319

17042 BeKind the Fighter (level 12, -1/80 (86) HPs)
             Began as an Octopode Ice Elementalist on Mar 14, 2024.
             Was an Initiate of Gozag.
             Slain by an orc high priest
             ... wielding a +0 dire flail
              (13 damage)
             ... on level 2 of the Orcish Mines.
             The game lasted 00:35:04 (16871 turns).

BeKind the Fighter (Octopode Ice Elementalist)     Turns: 16871, Time: 00:35:04

HP:   -1/80 (86)    AC:  5    Str:  7    XL:     12   Next: 43%
MP:   19/24         EV: 16    Int: 30    God:    Gozag
Gold: 2953          SH:  0    Dex: 13    Spells: 17/27 levels left

rFire   . . .        I - +10 dagger of Niobitru {holy, rF+ rCorr Int+2}
rCold   + . .        (no shield)
rNeg    . . .        (helmet restricted)
rPois   +            (no amulet)
rElec   .            g - ring of willpower
rCorr   +            k - ring of poison resistance
SInv    .            q - ring of ice
Will    +....        D - +6 ring of intelligence
Stlth   +++          E - ring of poison resistance
HPRegen 0.33/turn    d - +4 ring of protection
MPRegen 0.19/turn    (no ring)
                     (no ring)

%: no passive effects
@: drained, inugami summoned
A: almost no armour, amphibious, 8 rings, camouflage 1, gelatinous body 1,
(nimble swimmer 1), tentacles
a: Renounce Religion, Potion Petition, Call Merchant, Bribe Branch


You were on level 2 of the Orcish Mines.
You worshipped Gozag.
Gozag was most pleased with you.
You visited 2 branches of the dungeon, and saw 12 of its levels.

You collected 3414 gold pieces.
You spent 420 gold pieces at shops.
You paid 41 gold pieces to Gozag.

Inventory:

Hand Weapons
 c - a +0 dagger
 f - a +1 dagger of speed
 j - a +0 orcbow
 I - the +10 dagger of Niobitru (weapon) {holy, rF+ rCorr Int+2}
   (You found it on level 6 of the Dungeon)

   Int+2:     It affects your intelligence (+2).
   rF+:       It protects you from fire.
   rCorr:     It protects you from acid and corrosion.
Jewellery
 d - a +4 ring of protection (on tentacle)
 g - a ring of willpower (left tentacle)
 k - a ring of poison resistance (right tentacle)
 q - a ring of ice (on tentacle)
 y - a ring of fire
 D - a +6 ring of intelligence (on tentacle)
 E - a ring of poison resistance (on tentacle)
Wands
 w - a wand of mindburst (4)
 C - a wand of warping (11)
 F - a wand of charming (28)
 K - a wand of flame (18)
Scrolls
 e - 3 scrolls of amnesia
 i - 2 scrolls of torment
 l - a scroll of brand weapon
 n - 2 scrolls of immolation
 r - a scroll of poison
 x - 4 scrolls of noise
 A - 3 scrolls of enchant weapon
 B - a scroll of enchant armour
 L - a scroll of revelation
 M - a scroll of fear {unknown}
Potions
 a - 3 potions of magic
 b - 2 potions of lignification
 m - a potion of resistance
 o - a potion of cancellation {unknown}
 p - a potion of berserk rage {unknown}
 s - 2 potions of degeneration {unknown}
 t - 4 potions of enlightenment {unknown}
 u - a potion of haste {unknown}
 v - 3 potions of curing {unknown}
 z - 2 potions of attraction {unknown}
 G - 2 potions of might {unknown}
 H - a potion of invisibility {unknown}
 J - a potion of mutation {unknown}


   Skills:
 + Level 9.4 Fighting
 + Level 8.5 Short Blades
 + Level 8.9 Dodging
 - Level 3.0 Stealth
 + Level 8.0 Spellcasting
 + Level 8.1 Summonings
 - Level 7.0 Ice Magic


You had 17 spell levels left.
You knew the following spells:

 Your Spells              Type           Power      Damage    Failure   Level
a - Freeze                Ice            100%       1d10      1%          1
b - Summon Ice Beast      Ice/Summ       72%        N/A       1%          3
c - Frozen Ramparts       Ice            100%       1d16      1%          3
d - Call Canine Familiar  Summ           57%        N/A       1%          3

Your spell library contained the following spells:

 Spells                   Type           Power      Damage    Failure   Level
 Ozocubu's Armour         Ice            69%        N/A       1%          3
 Fugue of the Fallen      Necr           12%        N/A       13%         3
 Gell's Gravitas          Tloc           12%        N/A       13%         3
 Sigil of Binding         Hex            12%        N/A       13%         3
 Teleport Other           Tloc           12%        N/A       13%         3
 Cause Fear               Hex            6%         N/A       38%         4
 Dimensional Bullseye     Hex/Tloc       6%         N/A       38%         4
 Manifold Assault         Tloc           12%        N/A       38%         4
 Fireball                 Conj/Fire      6%         3d5       75%         5
 Dispersal                Tloc           6%         N/A       100%        6
 Dragon's Call            Summ           28%        N/A       100%        9


Dungeon Overview and Level Annotations

Branches:
Dungeon (10/15)            Temple (0/1) D:6            Lair (0/5) D:8
    Orc (2/2) D:9
    Elf: Orc:2

Altars:
Ashenzari
Cheibriados
Elyvilon
Gozag
Makhleb
Qazlal
Ru
Sif Muna
Trog
Vehumet
Wu Jian
Xom
Yredelemnul
The Shining One

Shops:
D:3 !   D:6 :?*   D:8 *   Orc:1 *

Portals:
Abyss: Orc:1

Annotations:
Orc:1 2 transporters, zenocrate's ghost, journeyman OpEE


Innate Abilities, Weirdness & Mutations

You cannot wear most types of armour.
You are amphibious.
You can wear up to eight rings at the same time.
Your skin changes colour to match your surroundings (Stealth+).
Your rubbery body absorbs attacks. (AC +1, EV +1)
((You are camouflaged when in or above water. (Stealth+)))
You have tentacles for arms and can constrict up to eight enemies at once.


Message History

An orc high priest is nearby!
An orc high priest is nearby!
An orc high priest is nearby!
An orc sorcerer comes into view. It is wielding a +1 dagger of venom.
The orc sorcerer shouts!
Things that are here:
a +0 dagger; a +0 robe The orc sorcerer gestures at you while chanting.
The bolt of fire hits you!!
Okay, then.
The orc sorcerer points at you and mumbles some strange words.
You resist with almost no effort.
You feel much better.
Okay, then.
Casting: Call Canine Familiar (safe; 1% risk of failure)
Confirm with . or Enter, or press ? or * to list all spells.
You feel a surge of power! A chill wind blows around you.
The orc sorcerer howls an incantation.
The orc sorcerer glows brightly for a moment.
Casting: Summon Ice Beast (safe; 1% risk of failure)
Confirm with . or Enter, or press ? or * to list all spells.
Casting: Frozen Ramparts (safe; 1% risk of failure)
Press: ? - help, Dir - look around, f - activate You feel a surge of power!
The walls around you are covered in ice.
The wall freezes the orc sorcerer.
The orc sorcerer points at you and mumbles some strange words.
The bolt of negative energy hits you!!!
You feel drained.
Ouch! That really hurt!
* * * LOW HITPOINT WARNING * * *
The wall freezes the orc sorcerer!
The orc sorcerer casts a spell at you. You resist with almost no effort.
The wall freezes the orc sorcerer!
The orc sorcerer hits your ice beast with a +1 dagger of venom.
You are too injured to fight recklessly!
The frozen ramparts melt away as you move.
The orc high priest hits you with a +0 dire flail!
You die...
Your body crumbles into a pile of gold.

.......)........ ####....#.....
.....#..)......# ##.#........#..
........)....### #.......#..##..
.............## #.#.....######..
..............# ###...##.#....
.............##### #......####..
............####.## ##......##o..
.............Y#...###.#..........
.............o.h@o...............
..............#.#$....#.#........
...............####..............
................###..............
##############...#...............
##...#..............
##..........####...
#.........###.##).
#...$.....##...)..


You could see an orc high priest, an orc sorcerer (ally target), a friendly ice
beast (summoned) and a friendly inugami (summoned).

Vanquished Creatures
  A hydra (D:8)
  A two-headed ogre (D:10)
  Maurice (D:8)
  A cyclops (D:10)
  A deep elf zephyrmancer (D:9)
  4 orc sorcerers (Orc:2)
  The ghost of Pokonic1 the Magician, a novice OnEE of Cheibriados (D:6)
  A kobold blastminer (Orc:1)
  4 slime creatures (D:9)
  3 vampires
  2 shadows
  Eustachio (D:5)
  2 yaks (D:8)
  3 steam dragons
  An acid dragon (D:8)
  A water moccasin (D:7)
  5 orc warriors
  3 ogres
  3 sky beasts
  2 centaurs
  A wolf (D:10)
  2 lemures (D:8)
  3 kobold brigands
  2 bullfrogs (D:8)
  A scorpion (D:5)
  3 wights (D:8)
  3 killer bees (D:10)
  3 howler monkeys
  A crimson imp (D:8)
  5 hounds (D:6)
  3 jellies
  10 orc priests
  2 sleepcaps (D:8)
  An iguana (D:6)
  18 orc wizards
  Terence (D:3)
  Robin (D:4)
  5 gnolls
  4 adders
  3 ufetubi
  6 dart slugs
  A ribbon worm (D:2)
  47 orcs
  5 ball pythons
  5 endoplasms
  6 giant cockroaches
  18 goblins
  8 hobgoblins
  4 jackals (D:1)
  2 quokkas
  5 bats
  4 frilled lizards
  17 kobolds
  4 rats
245 creatures vanquished.

Vanquished Creatures (collateral kills)
  2 two-headed ogres
  Pikel (D:8)
  An orc sorcerer (Orc:2)
  A kobold blastminer (Orc:1)
  A troll (Orc:1)
  A hornet (D:8)
  2 slime creatures (D:9)
  Sigmund (D:3)
  2 wyverns (D:8)
  2 yaks
  Grum (D:10)
  2 acid dragons
  3 water moccasins
  7 orc warriors
  A black bear (D:7)
  2 ogres
  A centaur (D:8)
  3 wolves (D:10)
  A lemure (D:8)
  2 kobold brigands
  2 wights (D:8)
  3 killer bees (D:10)
  2 howler monkeys
  2 hounds
  8 orc priests
  A gnoll bouda (D:5)
  Crazy Yiuf (D:7)
  Ijyb (D:5)
  6 orc wizards
  4 gnolls
  An adder (D:2)
  A white imp (D:7)
  A ribbon worm (D:3)
  16 orcs
  A bat (D:3)
  2 goblins (D:4)
  A hobgoblin (D:4)
  7 kobolds
97 creatures vanquished.

Vanquished Creatures (others)
  An orc wizard (Orc:2)
1 creature vanquished.

Grand Total: 343 creatures vanquished

Notes
Turn   | Place    | Note
-------+----------+-------------------------------------------
     0 | D:1      | BeKind the Octopode Ice Elementalist began the quest for
                  | the Orb.
     0 | D:1      | Reached XP level 1. HP: 11/11 MP: 3/3
   249 | D:1      | Reached XP level 2. HP: 17/17 MP: 1/5
   543 | D:1      | Reached XP level 3. HP: 17/21 MP: 6/6
  1303 | D:2      | Reached XP level 4. HP: 27/27 MP: 6/8
  1603 | D:2      | Learned a level 3 spell: Summon Ice Beast
  1870 | D:3      | Learned a level 3 spell: Frozen Ramparts
  1881 | D:3      | Noticed Sigmund
  1889 | D:3      | Killed Sigmund
  1890 | D:3      | Reached skill level 5 in Ice Magic
  1890 | D:3      | Reached XP level 5. HP: 10/31 MP: 5/10
  1890 | D:3      | Reached XP level 6. HP: 12/36 MP: 5/11
  2051 | D:3      | Found Loimag's Distillery.
  2052 | D:3      | Noticed Terence
  2060 | D:3      | Killed Terence
  2207 | D:3      | Found a snail-covered altar of Cheibriados.
  2656 | D:4      | Noticed Robin
  2864 | D:4      | Found a sacrificial altar of Ru.
  2864 | D:4      | Found a shimmering blue altar of Sif Muna.
  2893 | D:4      | Reached XP level 7. HP: 31/41 MP: 5/13
  3084 | D:4      | Found a broken altar of Ashenzari.
  3088 | D:4      | Found an ornate altar of the Wu Jian Council.
  3090 | D:4      | Found a radiant altar of Vehumet.
  3092 | D:4      | Found an opulent altar of Gozag.
  3097 | D:4      | Found a bloodstained altar of Trog.
  3099 | D:4      | Became a worshipper of Gozag Ym Sagoz the Greedy
  3180 | D:4      | Killed Robin
  3442 | D:4      | Found a white marble altar of Elyvilon.
  3636 | D:5      | Entered Level 5 of the Dungeon
  3696 | D:5      | Noticed Eustachio
  4251 | D:5      | Killed Eustachio
  4252 | D:5      | Reached skill level 5 in Dodging
  4462 | D:5      | Noticed Ijyb
  5309 | D:5      | Killed Ijyb
  5484 | D:5      | Reached XP level 8. HP: 14/46 MP: 5/15
  5631 | D:6      | Reached skill level 5 in Spellcasting
  5640 | D:6      | Found a transporter.
  5643 | D:6      | Noticed Pokonic1's ghost (novice OnEE)
  5766 | D:6      | Found a basalt altar of Yredelemnul.
  5878 | D:6      | Found a glowing golden altar of the Shining One.
  5880 | D:6      | Noticed an angel
  6225 | D:6      | Reached skill level 1 in Summonings
  6254 | D:6      | Found Jecaffug's Magic Scroll Boutique.
  6259 | D:6      | Learned a level 3 spell: Call Canine Familiar
  6266 | D:6      | Found a staircase to the Ecumenical Temple.
  6301 | D:6      | Found Wixeodd's General Store.
  6523 | D:6      | Found Biblur's Book Boutique.
  6721 | D:6      | Found a transporter.
  6846 | D:7      | Reached XP level 9. HP: 20/51 MP: 6/17
  7149 | D:7      | Noticed a two-headed ogre
  7651 | D:7      | Identified a scroll of acquirement
  7687 | D:7      | Found a runed translucent door.
  7688 | D:7      | Noticed Crazy Yiuf
  7784 | D:8      | Found a staircase to the Lair.
  7810 | D:8      | Reached skill level 5 in Summonings
  8191 | D:8      | Noticed a five-headed hydra
  8359 | D:7      | Killed a two-headed ogre
  8360 | D:7      | Reached XP level 10. HP: 56/56 MP: 14/20
  8454 | D:7      | Killed Crazy Yiuf
  9127 | D:6      | Reached skill level 1 in Fighting
  9133 | D:6      | Killed Pokonic1's ghost
  9134 | D:6      | Reached skill level 3 in Fighting
  9185 | D:6      | Identified the +10 dagger of Niobitru {holy, rF+ rCorr
                  | Int+2}
  9382 | D:9      | Found a staircase to the Orcish Mines.
  9404 | D:9      | Reached skill level 1 in Short Blades
  9428 | D:9      | Reached skill level 4 in Fighting
  9802 | D:8      | Found Jutoa's General Store.
  9809 | D:8      | Bought a book of the Dragon for 420 gold pieces
  9817 | D:8      | Noticed Pikel
  9838 | D:8      | Killed Pikel
  9847 | D:8      | Reached skill level 5 in Fighting
 10507 | D:9      | Noticed a deep elf zephyrmancer
 10514 | D:9      | Killed a deep elf zephyrmancer
 10515 | D:9      | Reached skill level 6 in Fighting
 10586 | D:9      | Noticed a two-headed ogre
 10619 | D:9      | Reached XP level 11. HP: 65/74 MP: 16/21
 10631 | D:9      | Killed a two-headed ogre
 10632 | D:9      | Reached skill level 5 in Short Blades
 10638 | D:9      | Reached skill level 7 in Fighting
 10882 | D:9      | Acquired 488 gold pieces
 10912 | D:10     | Entered Level 10 of the Dungeon
 10918 | D:10     | Noticed Grum
 10939 | D:10     | Killed Grum
 11177 | D:10     | Noticed a two-headed ogre
 11186 | D:10     | Killed a two-headed ogre
 11342 | D:10     | Noticed a cyclops
 11348 | D:10     | Reached skill level 8 in Fighting
 11357 | D:10     | Killed a cyclops
 12250 | D:8      | Noticed Maurice
 12273 | D:8      | HP: 3/78 [five-headed hydra (11)]
 12886 | D:8      | Killed Maurice
 13027 | D:8      | Found a stormy altar of Qazlal.
 13337 | D:8      | Killed a five-headed hydra
 13443 | D:8      | Identified the +8 mace of the Nurturing Coward {freeze, rF-
                  | Int+6 Dex-2}
 13748 | D:8      | Found a shimmering altar of Xom.
 13748 | D:8      | Found a burning altar of Makhleb.
 14255 | Orc:1    | Entered Level 1 of the Orcish Mines
 14286 | Orc:1    | Reached XP level 12. HP: 84/84 MP: 14/23
 14387 | Orc:1    | You fall into a shaft and drop 1 floor!
 14387 | Orc:2    | Entered Level 2 of the Orcish Mines
 14396 | Orc:2    | Reached skill level 9 in Fighting
 15144 | Orc:1    | Found the +1 cloak of Starlight {*Dazzle EV+4 Stlth--}
 15195 | Orc:1    | Found the +8 longbow "Zephyr" {speed, Dex+3 SInv}
 15258 | Orc:1    | Found a one-way gate to the infinite horrors of the Abyss.
 15258 | Orc:1    | Noticed zenocrate's ghost (journeyman OpEE)
 15284 | Orc:1    | Found a transporter.
 15287 | Orc:1    | Found a transporter.
 15288 | Orc:1    | Noticed a rakshasa
 15291 | Orc:1    | Noticed a brown very ugly thing
 15310 | Orc:1    | Noticed a wretched star
 15564 | Orc:1    | Found Ryle's Assorted Antiques.
 15975 | Orc:2    | Noticed an orc high priest
 16871 | Orc:2    | Slain by an orc high priest

Illustrated notes

Levels and vault maps discovered:
D:1:      dpeg_arrival_oval, layout_basic, serial_forest,
          infiniplex_forest_lined_corner, infiniplex_forest_corner_2,
          infiniplex_forest_zigzag_1, infiniplex_forest_straight_4,
          infiniplex_forest_zigzag_1, infiniplex_forest_end_2,
          corexii_hall_statues_x, minmay_vboxes
D:2:      layout_loops_ring, kennysheep_minor_cross
D:3:      layout_loops_cross, mainiacjoe_overflow_boulevard, serial_shops,
          nicolae_shop_industrial_runoff, uniq_sigmund, uniq_terence
D:4:      layout_basic, nicolae_elyvilon_temple_path,
          nicolae_overflow_hallway_of_the_gods, uniq_robin
D:5:      layout_cave_pools, uniq_ijyb, uniq_eustachio
D:6:      layout_rooms, grunt_temple_overflow_holy_war,
          minmay_temple_entry_slanted, gammafunk_ghost_smash, serial_shops,
          shop, shop, nicolae_take_the_stairs, minmay_increasing_density
D:7:      layout_loops_ring, uniq_crazy_yiuf_cottage
D:8:      nzn_winding_woodlands_small [nzn_winding_woodlands_5x15_eye,
          nzn_winding_woodlands_center_lodge,
          nzn_winding_woodlands_5x15_default], layout_basic,
          grunt_temple_overflow_champion_of_chaos,
          nicolae_qazlal_beasts_of_the_sky, lair_entry_dummy, serial_shops,
          shop, serial_curves, eino_curves_02, eino_curves_04,
          kennysheep_generic_room_3, uniq_maurice, uniq_pikel
D:9:      layout_basic, orc_david_3, minmay_three_doors
D:10:     minmay_skewed_foursquare, layout_loops_cross,
          nicolae_concentric_dashed_squares_wild, uniq_grum
Orc:1:    layout_diamond_mine, serial_shops, shop,
          gammafunk_ghost_abyssal_escape
Orc:2:    st_orc_mages, layout_diamond_mine, uniq_jorgrun

Skill      XL: |  1  2  3  4  5  6  7  8  9 10 11 12 |
---------------+-------------------------------------+-----
Stealth        | 3 |  3.0
Dodging        | 3 4 5 6 7 8 |  8.9
Spellcasting   | 3 4 5 7 8 |  8.0
Ice Magic      | 5 6 7 |  7.0
Summonings     | 3 7 8 |  8.1
Fighting       | 6 8 9 |  9.4
Short Blades   | 4 7 8 |  8.5

Action                     |  1- 3 |  4- 6 |  7- 9 | 10-12 || total
---------------------------+-------+-------+-------+-------++-------
  Melee: Unarmed           |    12 |       |       |       ||    12
         Constrict         |    18 |    15 |    36 |    40 ||   109
         Tentacles         |    11 |    11 |    42 |    65 ||   129
         Punch             |     1 |       |       |       ||     1
         Dagger            |    52 |    57 |   145 |   251 ||   505
   Cast: Freeze            |    12 |     2 |     3 |     7 ||    24
         Summon Ice Beast  |       |     5 |    31 |    54 ||    90
         Frozen Ramparts   |       |     2 |    14 |    34 ||    50
         Call Canine Famil |       |       |     6 |    28 ||    34
    Use: Scroll            |     1 |     4 |    10 |     7 ||    22
         Potion            |       |       |       |     3 ||     3
   Stab: Sleeping          |     4 |     8 |     8 |     3 ||    23
         Distracted        |       |     1 |     1 |     2 ||     4
 Armour: Skin              |    32 |    28 |    75 |   173 ||   308
  Dodge: Dodged            |    53 |    28 |    83 |   141 ||   305

Table legend: (Time is in decaauts)
 A = Elapsed time spent in this place.
 B = Non-inter-level travel time spent in this place.
 C = Inter-level travel time spent in this place.
 D = Time resting spent in this place.
 E = Time spent auto-exploring this place.
 F = Levels seen in this place.
 G = Mean time per level.
                   A        B        C        D        E       F      G
               +--------+--------+--------+--------+--------+-----+--------+
         Total |  16725 |  15626 |   1099 |   3663 |   9663 |  12 | 1393.8 |
       Dungeon |  14147 |  13251 |    896 |   2960 |   8391 |  10 | 1414.7 |
  Orcish Mines |   2577 |   2374 |    203 |    703 |   1272 |   2 | 1288.5 |
               +--------+--------+--------+--------+--------+-----+--------+

Top non-repeatable levels by time:
     D:8: 2500 daAuts
     D:7: 2061 daAuts
     D:4: 1666 daAuts
     D:6: 1646 daAuts
   Orc:1: 1320 daAuts
     D:5: 1259 daAuts
   Orc:2: 1257 daAuts
    D:10: 1216 daAuts
     D:1: 1163 daAuts
     D:9: 1150 daAuts
     D:3: 848 daAuts
     D:2: 635 daAuts
